 Dungeon Sprint DCSS version 0.28.0-49-g6dfe1f597d (webtiles) character file.

Game seed: 3377237786100772446

36 Revguard the Chopper (level 3, -6/29 HPs)
             Began as a Demonspawn Gladiator on May 18, 2022.
             Was an Initiate of Makhleb.
             Mangled by a merfolk
             ... wielding a +0 trident
              (16 damage)
             ... in the Dungeon (Sprint V: "Ziggurat Sprint").
             The game lasted 00:02:46 (103 turns).

Revguard the Chopper (Demonspawn Gladiator)          Turns: 103, Time: 00:02:48

Health: -6/29      AC: 26    Str: 22    XL:     3   Next: 19%
Magic:  2/5        EV:  8    Int:  9    God:    Makhleb [......]
Gold:   0          SH:  0    Dex: 20    Spells: 2/2 levels left

rFire   . . .      SeeInvis +   E - +14 obsidian axe {vorpal, Mesm Drain Fly SInv}
rCold   . . .      Faith    .   (no shield)
rNeg    . . .      Spirit   .   D - +15 Maxwell's patent armour {-Cast -Tele rElec Will+ rCorr}
rPois   .          Reflect  .   (helmet restricted)
rElec   +          Harm     .   (no cloak)
rCorr   +          Rampage  .   (no gloves)
Will    +....      NoTele   +   (no boots)
Stlth   .......... NoCast   +   (no amulet)
HPRegen 0.09/turn               y - +6 ring of strength
MPRegen 0.09/turn               u - +6 ring of dexterity

@: flying, mesmerised
A: horns 1
a: Renounce Religion


You were in the Dungeon.
You worshipped Makhleb.
Makhleb was noncommittal.
You visited 1 branch

Inventory:

Hand Weapons
 a - a +0 war axe
 E - the +14 obsidian axe (weapon) {vorpal, Mesm Drain Fly SInv}
   (You found it in the Dungeon)

   It inflicts extra damage upon your enemies.
   It occasionally summons demons to assist the wielder when it strikes in
   combat.
   Its wielder is mesmerised by any visible foes.
   It cannot be unequipped while any foes are visible.
   SInv:      It lets you see invisible.
   Fly:       It grants you flight.
   Drain:     It drains your maximum health when unequipped.
Missiles
 d - 3 throwing nets (quivered)
Armour
 b - a +0 leather armour
 c - a +0 helmet
 D - the +15 Maxwell's patent armour (worn) {-Cast -Tele rElec Will+ rCorr}
   (You found it in the Dungeon)

   rElec:     It insulates you from electricity.
   -Cast:     It prevents spellcasting.
   -Tele:     It prevents most forms of teleportation.
   rCorr:     It protects you from acid and corrosion.
   Will:      It increases your willpower.
Jewellery
 t - a ring of flight
 u - a +6 ring of dexterity (right hand)
 v - a +6 ring of dexterity
 w - a +6 ring of intelligence
 x - a +6 ring of intelligence
 y - a +6 ring of strength (left hand)
 z - a +6 ring of strength
Wands
 A - a wand of mindburst (7)
 B - a wand of iceblast (7)
 C - a wand of acid (7)
Scrolls
 j - 4 scrolls of blinking
 p - 4 scrolls of amnesia
 q - 7 scrolls of fog
 r - 5 scrolls of identify
 s - 2 scrolls of fear
Potions
 e - 10 potions of curing
 f - 10 potions of heal wounds
 g - 6 potions of haste
 h - 7 potions of magic
 i - 3 potions of berserk rage
 k - 2 potions of brilliance
 l - 2 potions of invisibility
 m - 4 potions of resistance
 o - 5 potions of might


   Skills:
 + Level 3.5 Fighting
 + Level 4.5 Axes
 - Level 1.7 Throwing
 + Level 3.4 Armour
 + Level 3.9 Dodging
 + Level 3.7 Invocations
 + Level 2.7 Evocations


You had 2 spell levels left.
You didn't know any spells.
Your spell library was empty.

Dungeon Overview and Level Annotations

Branches:
Dungeon (1/1)

Altars:
Ashenzari
Cheibriados
Dithmenos
Elyvilon
Fedhas
Gozag
Hepliaklqana
Kikubaaqudgha
Makhleb
Nemelex Xobeh
Okawaru
Qazlal
Ru
Sif Muna
Trog
Uskayaw
Vehumet
Wu Jian
Xom
Yredelemnul
Zin
The Shining One
Beogh
Jiyva
Lugonu

Annotations:
D 1 transporter


Innate Abilities, Weirdness & Mutations

You have a pair of small horns on your head.


Message History

Welcome to arena 1.
You enter the transporter and appear at another place.
A giant cockroach zombie and an iron imp come into view.
Visions of slaying the giant cockroach zombie flood into your mind.
The iron imp shouts!
Found a +1 vorpal hand axe and a book of Minor Magic.
Found a transporter.
The giant cockroach zombie barely misses you.
The iron imp hits you.
You hit the giant cockroach zombie.
The giant cockroach zombie is heavily damaged.
You slash the iron imp!
You kill the iron imp!
Makhleb accepts your kill.
The giant cockroach zombie bites you but does no damage. x2
You have reached level 3!
Your experience leads to an increase in your attributes!
Your base attributes are Str 14, Int 9, Dex 14.
Increase (S)trength, (I)ntelligence, or (D)exterity?
You feel stronger. x2
You slice the giant cockroach zombie!!
You are no longer entranced.
You destroy the giant cockroach zombie!
Makhleb accepts your kill.
There is a transporter here.
Welcome to arena 2.
You enter the transporter and appear at another place. 3 merfolk come into view.
Visions of slaying the merfolk flood into your mind.
The merfolk shouts!
Found three items.
Found a transporter.
Visions of slaying the merfolk flood into your mind.
The merfolk hits you but does no damage. x3
You slash the merfolk!
The merfolk is moderately wounded.
You hit the merfolk.
The merfolk hits you from afar with a +0 trident.
The merfolk hits you with a +0 trident! x2
Ouch! That really hurt!
You die...

▓▓▓▓▓▓▓▓▓▓▓▓▓
▓.8©8.▓.8©8.▓
▓.}[|.▓.....▓
▓...m.▓.:.).▓
▓.mm..▓.....▓
▓..@..▓.....▓
▓.....▓..©..▓
▓..©..▓▓▓▓▓▓▓
▓▓▓▓▓▓▓


You could see 3 merfolk.

Vanquished Creatures
  An iron imp (D)
  A giant cockroach zombie (D)
2 creatures vanquished.

Notes
Turn   | Place    | Note
-------+----------+-------------------------------------------
     0 | D        | Revguard the Demonspawn Gladiator began the quest for the
                  | Orb.
     0 | D        | Reached XP level 1. HP: 16/16 MP: 1/1
     0 | D        | Found a blossoming altar of Fedhas.
     0 | D        | Found the +6 Majin-Bo {vamp, MP+6 Int+6}
     0 | D        | Found the +9 heavy crossbow "Sniper" {vorpal, Acc+∞ SInv}
     0 | D        | Found the +10 dark maul {vorpal}
     0 | D        | Found the +15 Maxwell's patent armour {-Cast -Tele rElec
                  | Will+ rCorr}
     0 | D        | Found the +18 shield of the Gong {rElec rN+ Will+ EV-5}
     0 | D        | Found the +14 obsidian axe {vorpal, Mesm Drain Fly SInv}
     0 | D        | Found the +7 great mace "Firestarter" {inner flame, rF++}
     0 | D        | Found the +6 shillelagh "Devastator" {shatter}
     0 | D        | Found the +11 plutonium sword {Contam Stlth-}
     0 | D        | Found the +8 lance "Wyrmbane" {slay drac, rPois rF+ rC+
                  | AC+3}
     0 | D        | Found the +9 sword of Zonguldrok {reap}
     0 | D        | Found the +13 scythe of Curses {drain, Drain}
     0 | D        | Found the +5 sword of Power {vorpal}
     0 | D        | Found the +7 mace of Variability {chain chaos}
     0 | D        | Found the +7 Singing Sword {vorpal, sonic wave}
     0 | D        | Found the +8 storm bow {elec, penet}
     1 | D        | Found a shimmering blue altar of Sif Muna.
     1 | D        | Found a sacrificial altar of Ru.
     1 | D        | Found a bloodstained altar of Trog.
     1 | D        | Found a stormy altar of Qazlal.
     1 | D        | Found an iron altar of Okawaru.
     1 | D        | Found a sparkling altar of Nemelex Xobeh.
     3 | D        | Found a transporter.
     3 | D        | Found an ancient bone altar of Kikubaaqudgha.
     3 | D        | Found a viscous altar of Jiyva.
     3 | D        | Found a corrupted altar of Lugonu.
     3 | D        | Found a hazy altar of Hepliaklqana.
     3 | D        | Found a burning altar of Makhleb.
     3 | D        | Found an opulent altar of Gozag.
    74 | D        | Became a worshipper of Makhleb the Destroyer
    86 | D        | Reached skill level 4 in Axes
    86 | D        | Discovered your monstrous ancestry.
    86 | D        | Gained mutation: You have a pair of small horns on your
                  | head. [demonic ancestry]
    86 | D        | Reached XP level 2. HP: 24/24 MP: 1/4
    92 | D        | Entered arena 2.
    92 | D        | Found a transporter.
    95 | D        | Reached XP level 3. HP: 24/29 MP: 1/5
   100 | D        | Entered arena 3.
   100 | D        | Noticed a merfolk
   100 | D        | Noticed a merfolk
   100 | D        | Noticed a merfolk
   100 | D        | Found a transporter.
   103 | D        | Mangled by a merfolk

Illustrated notes

Levels and vault maps discovered:
D:        sprint_v [room_start, room_1, room_2, room_3, room_4, room_5, room_6,
          room_7, room_8, room_9, room_10, room_11, room_12, room_13, room_14,
          room_15, room_16, room_17, room_18, room_19, room_20, room_21,
          room_22, room_23, room_24, room_25, room_26, room_27]

Skill      XL: |  1 |
---------------+----+-----
Fighting       | 3 |  3.5
Axes           | 4 |  4.5
Armour         | 3 |  3.4
Dodging        | 3 |  3.9
Invocations    | 3 |  3.7
Evocations     | 2 |  2.7
Throwing       | |  1.7

Action                   || total
-------------------------++-------
Melee: Broad axe         ||     3
  Use: Potion            ||     1
Armor: Plate armour      ||     5
Dodge: Dodged            ||     1
